 Dungeon Crawl Stone Soup version 0.28-a0-537-g3bccd9ccbf (webtiles) character file.

Game seed: 6829731652257982600

1085 Tocho the Slicer (level 8, 0/56 HPs)
             Began as a Vampire Gladiator on Sept 27, 2021.
             Was an Initiate of Makhleb.
             Killed from afar by Maggie (15 damage)
             ... with a bolt of fire
             ... on level 6 of the Dungeon.
             The game lasted 00:10:26 (5652 turns).

Tocho the Slicer (Vampire Gladiator)                Turns: 5652, Time: 00:10:27

Health: 0/56       AC:  8    Str: 14    XL:     8   Next: 9%
Magic:  8/8        EV: 11    Int: 12    God:    Makhleb [......]
Gold:   302        SH:  3    Dex: 15    Spells: 7/7 levels left

rFire   . . .      SeeInvis +   r - +3 dagger (freeze)
rCold   + . .      Faith    .   q - +0 buckler
rNeg    . . .      Spirit   .   n - +2 ring mail {rC+}
rPois   .          Reflect  .   c - +0 helmet
rElec   .          Harm     .   (no cloak)
rCorr   .          Rampage  .   (no gloves)
Will    +....                   (no boots)
Stlth   +.........              (no amulet)
HPRegen 0.38/turn               f - ring of willpower
MPRegen 0.11/turn               (no ring)

@: healing quickly
A: alive, fangs 3, see invisible, vampiric 2
a: Exsanguinate, Renounce Religion


You were on level 6 of the Dungeon.
You worshipped Makhleb.
Makhleb was noncommittal.
You visited 1 branch of the dungeon, and saw 6 of its levels.

You collected 302 gold pieces.

Inventory:

Hand Weapons
 a - a +0 rapier
 r - a +3 dagger of freezing (weapon)
Missiles
 d - 17 poisoned darts (quivered)
Armour
 b - a +0 leather armour
 c - a +0 helmet (worn)
 n - a +2 ring mail of cold resistance (worn)
 q - a +0 buckler (worn)
Jewellery
 f - a ring of willpower (left hand)
Wands
 t - a wand of flame (44)
Scrolls
 g - 4 scrolls of magic mapping
 i - a scroll of identify
 k - a scroll of acquirement {unknown}
 l - a scroll of immolation {unknown}
Potions
 e - 3 potions of curing
 h - 2 potions of lignification {unknown}
 j - 3 potions of heal wounds
 m - a potion of might {unknown}
 o - a potion of flight {unknown}
 s - 2 potions of brilliance


   Skills:
 * Level 1.9 Fighting
 + Level 10.7 Short Blades
 + Level 1.6 Throwing
 * Level 3.4 Dodging
 + Level 0.2 Shields


You had 7 spell levels left.
You didn't know any spells.
Your spell library contained the following spells:

 Spells                   Type           Power      Damage    Failure   Level
 Sandblast                Erth           0%         2d4       75%         1
 Passwall                 Tmut/Erth      0%         N/A       86%         2
 Call Canine Familiar     Summ           0%         N/A       98%         3
 Gell's Gravitas          Tloc           0%         N/A       98%         3
 Lesser Beckoning         Tloc           0%         N/A       98%         3
 Portal Projectile        Hex/Tloc       0%         N/A       98%         3
 Stone Arrow              Conj/Erth      0%         3d7       98%         3
 Teleport Other           Tloc           0%         N/A       98%         3
 Leda's Liquefaction      Hex/Erth       0%         N/A       100%        4


Dungeon Overview and Level Annotations

Branches:
Dungeon (6/15)
 Temple: D:4-7

Altars:
Makhleb

Shops:
D:3 =

Annotations:
D:6 Maggie


Innate Abilities, Weirdness & Mutations

Your natural rate of healing is accelerated.
You have razor-sharp teeth.
You have supernaturally acute eyesight. (SInv)
You are afflicted with vampirism and can become a bat while bloodless.


Message History

Maggie hits you with a +0 scimitar of flaming.
Maggie burns you.
You hit Maggie. You freeze Maggie.
Maggie is heavily wounded.
You hit Maggie but do no damage.
Maggie is heavily wounded.
Maggie barely misses you.
You hit Maggie. You freeze Maggie. Your bite misses Maggie.
Maggie is severely wounded.
You barely miss Maggie.
Maggie is severely wounded.
Maggie gestures wildly while chanting.
Maggie attempts to bespell you! You resist with almost no effort.
You closely miss Maggie. You bite Maggie, but do no damage.
Maggie is severely wounded.
You hit Maggie. You freeze Maggie.
Maggie is severely wounded.
Maggie points at you and mumbles some strange words.
The bolt of fire misses you.
You hit Maggie. You freeze Maggie.
Maggie is almost dead.
Maggie drinks a potion.
Maggie is healed!
You hit Maggie. You freeze Maggie.
Maggie is almost dead.
You hit Maggie but do no damage.
Maggie is almost dead.
Maggie hits you with a +0 scimitar of flaming.
Maggie burns you.
You hit Maggie. You freeze Maggie.
Maggie is almost dead.
You hit Maggie. You freeze Maggie.
Maggie is almost dead.
Maggie hits you with a +0 scimitar of flaming!
Maggie burns you.
* * * LOW HITPOINT WARNING * * *
You barely miss Maggie.
Maggie is almost dead.
Maggie casts a spell at you. The bolt of fire hits you!
You die...

### .. #
#####.# .#
....... ..
....?..##+#'##
......[[.....#
......[<@@...#
#####........#
#..).......$
#......#####
######>.. ####


You could see Maggie.

Vanquished Creatures
  A water moccasin (D:5)
  2 ogres
  2 necrophages
  A wyvern zombie (D:5)
  A scorpion (D:5)
  A water moccasin skeleton (D:4)
  A bullfrog zombie (D:5)
  2 hounds (D:4)
  An orc priest (D:5)
  2 bullfrog skeletons
  An iguana (D:5)
  An orc wizard (D:6)
  Robin (D:4)
  4 adders
  3 gnolls
  An ufetubus (D:4)
  An adder skeleton (D:5)
  2 dart slugs
  28 orcs
  5 bats (D:2)
  6 endoplasms
  5 giant cockroaches
  17 goblins
  15 hobgoblins
  4 jackals
  4 kobolds
  4 quokkas
  7 ball pythons
  4 frilled lizards
  7 rats
134 creatures vanquished.

Notes
Turn   | Place    | Note
-------+----------+-------------------------------------------
     0 | D:1      | Tocho the Vampire Gladiator began the quest for the Orb.
     0 | D:1      | Reached XP level 1. HP: 16/16 MP: 1/1
    58 | D:1      | Found a faded altar of an unknown god.
    64 | D:1      | Reached XP level 2. HP: 16/22 MP: 2/2
    70 | D:1      | Reached skill level 4 in Short Blades
   428 | D:1      | Gained mutation: You are afflicted with vampirism and can
                  | become a bat while bloodless. [Vampire growth]
   428 | D:1      | Reached XP level 3. HP: 27/27 MP: 3/3
   903 | D:2      | Reached skill level 5 in Short Blades
  1464 | D:2      | Reached XP level 4. HP: 32/33 MP: 4/4
  1816 | D:3      | Found Tusikebb's Jewellery Boutique.
  2447 | D:4      | Noticed Robin
  2518 | D:4      | Reached skill level 6 in Short Blades
  2528 | D:4      | Killed Robin
  2675 | D:4      | Reached XP level 5. HP: 38/38 MP: 5/5
  2691 | D:4      | Noticed a necrophage
  2716 | D:4      | Killed a necrophage
  2717 | D:4      | Reached skill level 7 in Short Blades
  2806 | D:4      | Found a burning altar of Makhleb.
  3269 | D:4      | Reached XP level 6. HP: 44/44 MP: 6/6
  3459 | D:4      | Reached skill level 8 in Short Blades
  3573 | D:4      | Became a worshipper of Makhleb the Destroyer
  4021 | D:5      | Entered Level 5 of the Dungeon
  4030 | D:5      | Reached skill level 9 in Short Blades
  4030 | D:5      | Reached XP level 7. HP: 49/49 MP: 7/7
  4630 | D:5      | Reached skill level 10 in Short Blades
  5061 | D:5      | Reached XP level 8. HP: 50/55 MP: 8/8
  5444 | D:6      | Noticed Maggie
  5652 | D:6      | Killed from afar by Maggie

Illustrated notes

Levels and vault maps discovered:
D:1:      lemuel_arrival_behind_the_door_small, layout_basic,
          hellmonk_ecumenical_altar_arch_garden
D:2:      layout_loops_corners
D:3:      layout_basic, serial_shops, shop, grunt_decor_junction
D:4:      layout_loops_cross, mainiacjoe_overflow_chevrons,
          chequers_hall_statues_corner_a, uniq_robin
D:5:      layout_loops_corners
D:6:      layout_basic, lemuel_temple_firewalk_b, gammafunk_ghost_smash,
          uniq_maggie, uniq_menkaure, uniq_blork_the_orc

Skill      XL: |  1  2  3  4  5  6  7 |
---------------+----------------------+-----
Short Blades   | 4 5 6 7 9 10 | 10.7
Fighting       | |  1.9
Throwing       | |  1.6
Dodging        | |  3.4
Shields        | |  0.2

Action                   |  1- 3 |  4- 6 |  7- 9 || total
-------------------------+-------+-------+-------++-------
Melee: Rapier            |   135 |   227 |       ||   362
       Bite              |    11 |    17 |    23 ||    51
       Dagger            |       |     5 |   164 ||   169
Throw: Throwing net      |       |     4 |       ||     4
       Dart              |       |     3 |     5 ||     8
  Use: Scroll            |       |     4 |       ||     4
       Potion            |       |     1 |       ||     1
 Stab: Sleeping          |     2 |       |       ||     2
Armor: Leather armour    |    36 |     5 |       ||    41
       Ring mail         |       |    76 |    35 ||   111
Dodge: Dodged            |    95 |   121 |    49 ||   265
Block: Buckler           |       |     2 |    14 ||    16

Table legend: (Time is in decaauts)
 A = Elapsed time spent in this place.
 B = Non-inter-level travel time spent in this place.
 C = Inter-level travel time spent in this place.
 D = Time resting spent in this place.
 E = Time spent auto-exploring this place.
 F = Levels seen in this place.
 G = Mean time per level.
                   A        B        C        D        E       F      G
               +--------+--------+--------+--------+--------+-----+--------+
         Total |   5552 |   5109 |    443 |    579 |   3551 |   6 |  925.3 |
       Dungeon |   5552 |   5109 |    443 |    579 |   3551 |   6 |  925.3 |
               +--------+--------+--------+--------+--------+-----+--------+

Top non-repeatable levels by time:
     D:5: 1526 daAuts
     D:3: 1106 daAuts
     D:4: 1092 daAuts
     D:2: 1016 daAuts
     D:1: 772 daAuts
     D:6: 37 daAuts
